 Dungeon Crawl Stone Soup version 0.18-a0-1-gfac8111 (webtiles) character file.

111 Duffy the Digger (level 4, -4/36 HPs)
             Began as a Naga Earth Elementalist on Oct 30, 2015.
             Slain by an orc
             ... wielding a +0 trident
              (5 damage)
             ... on level 2 of the Dungeon.
             The game lasted 00:04:42 (2858 turns).

Duffy the Digger (Naga Earth Elementalist)          Turns: 2858, Time: 00:04:43

Health: -4/36      AC:  2    Str: 11    XL:     4   Next: 92%
Magic:  3/7        EV: 10    Int: 15    God:
Gold:   145        SH:  0    Dex: 12    Spells: 2 memorised, 3 levels left

rFire  . . .     SeeInvis +     a - 102 stones
rCold  . . .     Clarity  .     b - +0 robe
rNeg   . . .     SustAt   .     (no shield)
rPois  +         Gourm    .     (no helmet)
rElec  .         Spirit   .     (no cloak)
rCorr  .         Warding  .     (no gloves)
rMut   .         Stasis   .     (no barding)
MR     .....                    (no amulet)
Stlth  ++........               (no ring)
                                (no ring)

@: very slow, not resistant to hostile enchantments, unstealthy
A: see invisible, deformed body, poison resistance, slowness 2, slow metabolism
1, spit poison 2, AC +1
a: Spit Poison


You were on level 2 of the Dungeon.
You were not hungry.

You visited 1 branch of the dungeon, and saw 3 of its levels.

You collected 145 gold pieces.


Innate Abilities, Weirdness & Mutations

You cannot wear boots.
Your serpentine skin is tough (AC +1).
You have supernaturally acute eyesight.
Armour fits poorly on your strangely shaped body.
Your system is resistant to poisons.
You cover ground very slowly.
You have a slow metabolism.
You can spit poison.


   Skills:
 - Level 1.5 Dodging
 - Level 3.0 Stealth
 - Level 2.0 Spellcasting
 + Level 1.3 Conjurations
   Level 1.0 Transmutations
 + Level 5.2 Earth Magic


You had 3 spell levels left.
You knew the following spells:

 Your Spells              Type           Power        Failure   Level  Hunger
a - Sandblast             Erth           ###...       2%          1    #......
c - Stone Arrow           Conj/Erth      ##....       21%         3    ###....

Inventory:

Hand Weapons
 l - a +0 spear
 r - a +1 dagger of chaos
Missiles
 a - 102 stones (in hand)
Armour
 b - a +0 robe (worn)
Scrolls
 h - 2 scrolls of magic mapping
 p - a scroll of enchant weapon
 t - a scroll of teleportation {unknown}
Potions
 e - 3 potions of heal wounds
 g - a potion of flight
 m - 2 potions of lignification
 n - a potion of haste {unknown}
 o - a potion of magic {unknown}
 q - 2 potions of might
 s - 2 potions of poison {unknown}
Books
 c - a book of Geomancy
Comestibles
 d - a bread ration
 i - 2 meat rations
 j - a slice of pizza
 k - 2 royal jellies

Dungeon Overview and Level Annotations

Branches:
Dungeon (3/15)

Altars:
Xom


Message History

The orc barely misses you.
Wield which item (- for none, * to show all)? (? for menu, Esc to quit)
a - 106 stones (in hand)
The orc wizard barely misses you.
Cast which spell? (? or * to list)
Aiming: Sandblast
Press: ? - help, Shift-Dir - straight line, f/p - orc wizard
Aim: an orc wizard, wielding a dagger and wearing a robe (severely wounded)
The rocky blast misses the orc wizard.
The orc hits you with a trident.
The orc wizard points at you and mumbles some strange words.
The magic dart hits you!
Cast which spell? (? or * to list)
Aiming: Sandblast
Press: ? - help, Shift-Dir - straight line, f/p - orc wizard
Aim: an orc wizard, wielding a dagger and wearing a robe (severely wounded)
The rocky blast hits the orc wizard.
The orc wizard is almost dead.
You have got your breath back.
The orc hits you with a trident. The orc wizard hits you with a dagger.
Cast which spell? (? or * to list)
Aiming: Sandblast
Press: ? - help, Shift-Dir - straight line, f/p - orc wizard
Aim: an orc wizard, wielding a dagger and wearing a robe (almost dead)
The rocky blast misses the orc wizard.
The orc hits you with a trident.
The orc wizard gestures wildly while chanting.
The orc wizard flickers and vanishes for a moment.
Cast which spell? (? or * to list)
Aiming: Sandblast
Press: ? - help, Shift-Dir - straight line, f/p - orc wizard
Aim: an orc wizard, wielding a dagger and wearing a robe (almost dead, slightly transparent)
The rocky blast hits the orc wizard.
You kill the orc wizard!
Your Conjurations skill increases to level 1!
The orc hits you with a trident.
You die...

.###...#.<..##.#####.......#.####
.# #...#.#..##.##.......(.....#
.# ##.##..[....)..###.####.#..#
.# #..........#### #.# #[#..# .#
#.....[.###...###.####.#..# .#
######.## #...............# .#
#.# #...#########...# .# #.#
##o## ##≈≈..##.## .# #.#
#@####≈##.≈.###### .##
#.#####).##≈..⌠.≈≈.##... ..#
#........#≈≈...≈#.≈≈#.## ..#
#######.##..##.≈.#..#.# ..#
#.##.⌠###≈⌠⌠≈.#.# ###
#..#.....#.#≈.#.#
####≈...#..≈†.#.# #.#≈#≈####≈..##
##..#≈##≈#.#.##


You could see an orc.

Action                   |  1- 3 |  4- 6 || total
-------------------------+-------+-------++-------
 Cast: Sandblast         |    38 |    31 ||    69
 Abil: Spit Poison       |    32 |    17 ||    49
  Use: Scroll            |     4 |     4 ||     8
  Eat: Chunk             |     3 |     5 ||     8

Notes
Turn   | Place    | Note
--------------------------------------------------------------
     0 | D:1      | Duffy the Naga Earth Elementalist began the quest for the Orb.
     0 | D:1      | Reached XP level 1. HP: 15/15 MP: 3/3
   257 | D:1      | Reached XP level 2. HP: 22/22 MP: 5/5
  1249 | D:2      | Reached skill level 4 in Earth Magic
  1420 | D:2      | Reached XP level 3. HP: 25/28 MP: 1/6
  1815 | D:2      | Reached XP level 4. HP: 27/36 MP: 1/7
  2057 | D:2      | Learned a level 3 spell: Stone Arrow
  2392 | D:2      | Found a shimmering altar of Xom.
  2562 | D:3      | Reached skill level 5 in Earth Magic
  2858 | D:2      | Reached skill level 1 in Conjurations
  2858 | D:2      | Slain by an orc

Vault maps used:
D:1:      onia_arrival_pyramid
D:2:      tgw_xom

Vanquished Creatures
  An orc wizard
  3 adders
  2 oozes
  2 worms
  5 giant geckos
  2 orcs
  5 goblins
  8 hobgoblins
  2 bats
  2 giant cockroaches
  5 giant newts
  4 kobolds
  A quokka
  4 rats
46 creatures vanquished.
